 Dungeon Crawl Stone Soup version 0.30-a0-711-gf4ac18a38d (webtiles) character file.

Game seed: 13281905563360407577

337784 browni3141 the Eclecticist (level 22, -1/164 HPs)
             Began as a Djinni Fire Elementalist on Jan 22, 2023.
             Was the Champion of Makhleb.
             Killed from afar by an ironbound thunderhulk (48 damage)
             ... with a bolt of lightning
             ... led by a vault warden
             ... on level 2 of the Vaults.
             The game lasted 02:31:24 (40318 turns).

browni3141 the Eclecticist (DjFE)                  Turns: 40318, Time: 02:31:24

Health: -1/164     AC: 19    Str: 15    XL:     22   Next: 91%
Gold:   3023       EV: 19    Int: 33    God:    Makhleb [******] SH: 25 Dex: 29

rFire   + + +      SeeInvis .    a - +7 double sword (elec)
rCold   x x .      Faith    .    X - +3 tower shield
rNeg    + + +      Spirit   .    k - +3 fire dragon scales {Xtahua}
rPois   ∞          Reflect  .    q - +1 hat of Solemn Mirth {rN+ Dex+6 Slay-2}
rElec   .          Harm     .    w - scarf {repulsion}
rCorr   .          Rampage  .    B - +2 pair of gloves
Will    +++..                    (boots unavailable)
Stlth   +                        C - amulet of regeneration
HPRegen 1.27/turn                j - ring of Moral Flaws {rN+++ Str+6 Int+4 Stlth-}
MPRegen 0.00/turn                N - ring "Fimasob" {Drain Will+ Int+8 Dex+4}

@: flying, studying Evocations, repel missiles
A: sickness immunity, fire resistance 2, cold vulnerability 1, float, innate
caster, HP casting, extra vitality 1
}: 2/15 runes: barnacled, gossamer
a: Renounce Religion, Minor Destruction, Lesser Servant of Makhleb, Major
Destruction, Greater Servant of Makhleb


You were on level 2 of the Vaults.
You worshipped Makhleb.
Makhleb was exalted by your worship.
You visited 8 branches of the dungeon, and saw 36 of its levels.
You also visited: Gauntlet, Volcano and Desolation.

You collected 5214 gold pieces.
You spent 2191 gold pieces at shops.

Inventory:

Hand Weapons
 a - a +7 double sword of electrocution (weapon)
 b - the +3 Elemental Staff {rElec rF++ rC++ AC+5}
   (You found it on level 14 of the Dungeon)

   It enhances your fire, ice, earth and air magic.
   AC:        It affects your AC (+5).
   rF:        It greatly protects you from fire.
   rC:        It greatly protects you from cold.
   rElec:     It insulates you from electricity.
Missiles
 r - 11 curare-tipped darts
 E - 6 throwing nets
Armour
 k - +3 fire dragon scales (worn) {Xtahua}
 n - +0 steam dragon scales
 q - the +1 hat of Solemn Mirth (worn) {rN+ Dex+6 Slay-2}
   (You found it on level 4 of the Spider Nest)

   Dex:       It affects your dexterity (+6).
   Slay:      It affects your accuracy & damage with ranged weapons and melee
   (-2).
   rN:        It protects you from negative energy.
 w - a scarf of repulsion (worn)
 y - a +2 ring mail of cold resistance
 z - a scarf of resistance
 B - a +2 pair of gloves (worn)
 X - a +3 tower shield (worn)
Jewellery
 j - the ring of Moral Flaws (left hand) {rN+++ Str+6 Int+4 Stlth-}
   (You took it off a servant of whispers in the Desolation of Salt)

   [ring of strength]

   Str:       It affects your strength (+6).
   Int:       It affects your intelligence (+4).
   rN:        It renders you almost immune to negative energy.
   Stlth:     It makes you less stealthy.
 o - the ring of the Tortoise {AC+8}
   (You acquired it on level 2 of the Spider Nest)

   [ring of protection]

   AC:        It affects your AC (+8).
 C - an amulet of regeneration (around neck)
 N - the ring "Fimasob" (right hand) {Drain Will+ Int+8 Dex+4}
   (You found it in a Gauntlet)

   [ring of willpower]

   Int:       It affects your intelligence (+8).
   Dex:       It affects your dexterity (+4).
   Drain:     It drains your maximum health when unequipped.
   Will:      It increases your willpower.
Wands
 h - a wand of acid (2)
 v - a wand of paralysis (30)
 I - a wand of digging (7)
 O - a wand of flame (21)
 P - a wand of mindburst (21)
 W - a wand of iceblast (16)
 Z - a wand of polymorph (3)
Scrolls
 e - 8 scrolls of immolation
 g - 8 scrolls of teleportation
 l - 6 scrolls of fear
 m - a scroll of acquirement
 t - 8 scrolls of fog
 D - 4 scrolls of brand weapon
 F - 8 scrolls of magic mapping
 K - 3 scrolls of silence
 M - a scroll of summoning
 Q - 5 scrolls of vulnerability
 R - 7 scrolls of blinking
 Y - 5 scrolls of poison
Potions
 c - 10 potions of curing
 f - 2 potions of might
 i - 7 potions of attraction
 p - 2 potions of heal wounds
 s - 5 potions of cancellation
 u - 7 potions of mutation
 x - 6 potions of ambrosia
 A - 2 potions of berserk rage
 H - 3 potions of invisibility
 J - 4 potions of lignification
 S - 5 potions of haste
 T - 6 potions of brilliance
 V - 2 potions of resistance
Miscellaneous
 d - a box of beasts
 G - a condenser vane (inert)
 L - a lightning rod (4/4)
 U - a phial of floods


   Skills:
 - Level 16.0 Fighting
 - Level 16.0 Long Blades
 * Level 11.6 Armour
 - Level 14.1 Dodging
 - Level 4.0 Stealth
 - Level 13.8 Shields
 * Level 17.5 Spellcasting
 - Level 12.0 Invocations


You couldn't memorise any spells.
You knew the following spells:

 Your Spells              Type           Power      Damage    Failure   Level
a - Foxfire               Conj/Fire      100%       2x1d9     0%          1
b - Scorch                Fire           100%       2d10      1%          2
c - Kindle Blastsparks    Fire/Tloc/Air  100%       2d18      1%          3
d - Inner Flame           Hex/Fire       98%        N/A       1%          3
e - Flame Wave            Conj/Fire      98%        2d20      1%          4
f - Kiss of Death         Conj/Necr      100%       2d13      0%          1
g - Static Discharge      Conj/Air       100%       2-7/arc   1%          2
h - Blink                 Tloc           100%       N/A       1%          2
i - Airstrike             Air            49%        2d(7-23)  1%          4
j - Silence               Hex/Air        49%        N/A       1%          5
k - Summon Mana Viper     Hex/Summ       98%        N/A       1%          5
l - Conjure Ball Lightni  Conj/Air       49%        3x3d17    2%          6
m - Dragon Form           Tmut           49%        N/A       12%         7
n - Summon Hydra          Summ           49%        N/A       12%         7
o - Discord               Hex            49%        N/A       67%         8
Your spell library was empty.

Dungeon Overview and Level Annotations

Branches:
Dungeon (15/15)            Temple (1/1) D:7            Lair (5/5) D:10
 Shoals (4/4) Lair:3       Spider (4/4) Lair:2        Slime (0/5) Lair:5
    Orc (2/2) D:12            Elf (3/3) Orc:2        Vaults (2/5) D:13
  Crypt (0/3) Vaults:2     Depths (0/4) D:15        Volcano (visited)
Desolation (visited)      Gauntlet (visited)

Altars:
Ashenzari
Cheibriados
Dithmenos
Elyvilon
Fedhas
Gozag
Hepliaklqana
Makhleb
Nemelex Xobeh
Okawaru
Qazlal
Ru
Trog
Uskayaw
Wu Jian
Xom
Yredelemnul
Zin
The Shining One

Shops:
D:5 (   D:7 *   D:12 ?(   D:15 (   Orc:2 =[[([   Elf:2 *   Elf:3 [   Shoals:3 =

Portals:
Trove: D:11 (give +6 fire dragon scales)

Annotations:
Spider:2 exclusion: downstairs


Innate Abilities, Weirdness & Mutations

You are immune to sickness and miasma.
You are immune to poison.
Your flesh is very heat resistant. (rF++)
You are vulnerable to cold. (rC-)
You float through the air rather than walking.
You learn spells naturally, not from books.
Your magical power is your life essence.
You have superior vitality. (+4 MHP)


Message History

Your eight-headed hydra bites the vault guard but does no damage.
Your eight-headed hydra closely misses the vault guard.
Your eight-headed hydra bites the vault guard.
Your eight-headed hydra bites the vault guard but does no damage.
Your eight-headed hydra bites the vault guard.
Your eight-headed hydra bites the vault guard but does no damage. x2
Your eight-headed hydra misses the vault guard.
Electricity crackles from the ironbound thunderhulk's apparatus.
The bolt of lightning hits you!!!
* * * LOW HITPOINT WARNING * * *
The ironbound thunderhulk's magic is no longer disrupted.
The deep troll bites your eight-headed hydra!!
The deep troll claws your eight-headed hydra.
The deep troll claws your eight-headed hydra!
The vault guard hits your eight-headed hydra with a +0 great sword!
Your eight-headed hydra closely misses the deep troll.
Your eight-headed hydra bites the deep troll.
Your eight-headed hydra bites the deep troll!
Your eight-headed hydra bites the deep troll but does no damage.
Your eight-headed hydra completely misses the deep troll.
Your eight-headed hydra bites the deep troll but does no damage.
Your eight-headed hydra completely misses the deep troll. x2
The deep troll completely misses your eight-headed hydra.
The deep troll barely misses your eight-headed hydra.
The deep troll claws your eight-headed hydra!
The vault guard hits your eight-headed hydra with a +0 great sword.
The vault guard chops one of your eight-headed hydra's heads off!
Your seven-headed hydra grows two more!
Your nine-headed hydra bites the vault guard.
Your nine-headed hydra bites the vault guard but does no damage.
Your nine-headed hydra bites the vault guard.
Your nine-headed hydra barely misses the vault guard.
Your nine-headed hydra bites the vault guard!
Your nine-headed hydra bites the vault guard but does no damage.
Your nine-headed hydra misses the vault guard.
Your nine-headed hydra bites the vault guard but does no damage.
Your nine-headed hydra closely misses the vault guard.
Electricity crackles from the ironbound thunderhulk's apparatus.
The bolt of lightning hits you!!!
You die...

*****#####################
,,,,,.......TTD.@........#
,,,,,......OTp...........#
*****##+###T###########..#
,,,,,,,,,pT.,,* #..#
,,,,*,,..#..p,* #..#
,*,,,...,.Tp*,* #.^#
,,,,,#.,#.p.,,* #..#
,,*,,.,,...#,,****** #..#
,,,,,,,....,,,,,,,,* #..#


You could see an ironbound thunderhulk (very poisoned), a vault guard
(distracted, poisoned, ally target), 4 deep trolls and a friendly nine-headed
hydra (summoned).

Vanquished Creatures
  Xtahua (Vaults:2)
  Nikola (Spider:2)
  Arachne (Spider:2)
  A deep elf blademaster (Elf:3)
  A deep elf master archer (Elf:3)
  Donald (Shoals:3)
  Roxanne (Shoals:1)
  5 deep elf sorcerers
  4 vault wardens
  3 emperor scorpions
  2 deep elf elementalists (Elf:3)
  3 very ugly things
  10 ironbound preservers
  4 ghost moths (Spider:4)
  2 ironbound thunderhulks
  A quicksilver ooze (Lair:5)
  2 stone giants (Shoals:1)
  A broodmother (Spider:3)
  3 deep elf demonologists (Elf:3)
  A vampire knight (Vaults:2)
  A minotaur (Gauntlet)
  3 halazid warlocks (Desolation)
  10 deep elf annihilators
  3 dire elephants (Vaults:2)
  An ettin (D:15)
  A fire dragon (D:14)
  A jiangshi (Vaults:2)
  Josephine (Orc:1)
  3 entropy weavers
  3 merfolk javelineers (Shoals:4)
  A ragged hierophant (Desolation)
  6 deep elf death magi
  7 merfolk impalers
  3 yaktaur captains
  3 servants of whispers (Desolation)
  Harold (D:10)
  11 deep elf high priests
  10 vault guards
  2 hydras (Lair:5)
  3 merfolk avatars
  4 ironbound frosthearts
  An ogre mage (Orc:2)
  5 centaur warriors
  4 jorogumos
  3 peacekeepers (Desolation)
  A radroach (shapeshifter) (Elf:1)
  A satyr (Shoals:3)
  4 boulder beetles
  2 catoblepae
  A death knight (D:13)
  3 death yaks
  4 merfolk aquamancers
  12 two-headed ogres
  A radroach (Spider:1)
  27 dancing weapons
  A deep troll shaman (Lair:5)
  An orc high priest (Orc:2)
  A hell knight (D:15)
  20 deep elf knights
  4 skeletal warriors
  A pharaoh ant (Spider:3)
  A sun moth (Spider:4)
  7 sea snakes
  A sixfirhy (Gauntlet)
  8 deep trolls
  11 orb spiders
  17 deep elf archers
  9 ironbound convokers
  2 glowing orange brains (Vaults:2)
  2 harpies (Shoals:1)
  6 steelbarb worms
  A necromancer (D:15)
  4 lindwurms
  3 wizards
  41 deep elf pyromancers
  12 wolf spiders
  24 deep elf zephyrmancers
  15 manticores
  5 orc knights
  An oklob plant (Lair:3)
  2 orc sorcerers
  3 salamanders (Volcano)
  15 ugly things
  2 moths of wrath
  8 fauns
  8 cyclopes
  A moth of wrath (shapeshifter) (Elf:1)
  An elephant (Lair:5)
  7 merfolk sirens
  5 water nymphs
  6 vault sentinels (Vaults:1)
  3 torpor snails
  21 demonic crawlers
  6 cane toads
  A rime drake (shapeshifter) (Elf:1)
  2 kobold demonologists (D:10)
  Maggie (D:10)
  7 komodo dragons
  2 rime drakes
  Psyche (D:9)
  6 yaktaurs
  3 efreet
  A freezing wraith (D:13)
  8 nameless horrors
  A tengu conjurer (D:13)
  23 merfolk
  5 trolls
  9 polar bears
  30 saltlings (Desolation)
  18 tarantellas
  A hornet (shapeshifter) (Elf:2)
  A wind drake (Shoals:4)
  11 snapping turtles
  8 dream sheep
  16 blink frogs
  A centaur simulacrum (D:15)
  18 jumping spiders
  3 air elementals
  10 slime creatures
  A shadow (D:13)
  15 water elementals
  11 culicivoras
  3 wyverns
  69 yaks
  A vampire (D:13)
  5 fire elementals
  4 wraiths
  A fire bat (Volcano)
  39 redbacks
  2 steam dragons
  11 vampire mosquitoes
  4 wargs
  3 acid dragons
  4 hell hounds
  10 water moccasins
  2 sky beasts
  17 orc warriors
  2 black bears (D:4)
  8 ice beasts
  12 wolves
  21 ogres
  7 boggarts
  8 centaurs
  2 phantoms
  3 kobold brigands
  3 necrophages
  15 bullfrogs
  4 scorpions
  2 gnoll sergeants
  3 wights (D:7)
  5 killer bees (D:9)
  5 howler monkeys
  5 crimson imps
  A lava snake (Lair:2)
  2 hounds
  13 orc priests
  5 jellies
  6 iguanas
  Ijyb (D:4)
  14 orc wizards
  11 gnolls
  6 adders
  A shadow imp (D:4)
  2 white imps
  4 ufetubi
  5 worms
  5 dart slugs
  80 orcs
  4 ball pythons
  10 endoplasms
  7 goblins
  8 hobgoblins
  6 jackals (D:1)
  19 kobolds
  3 quokkas (D:1)
  3 training dummies (D:15)
  6 bats
  A frilled lizard (D:2)
  2 rats
  A bush (D:14)
  11 pillars of salt (Vaults:2)
1212 creatures vanquished.

Vanquished Creatures (collateral kills)
  Mlioglotl (Spider:3)
  A deep elf blademaster (Elf:3)
  Polyphemus (Shoals:3)
  A sphinx (Vaults:1)
  Aizul (Spider:3)
  2 deep elf sorcerers (Elf:3)
  An imperial myrmidon (Desolation)
  2 ghost moths (Spider:4)
  A ghoul (Vaults:2)
  An emperor scorpion (Spider:4)
  A frost giant (Shoals:4)
  6 vault wardens
  Louise (Spider:3)
  A stone giant (shapeshifter) (D:13)
  2 ironbound thunderhulks
  3 ironbound preservers (Vaults:1)
  A deep elf demonologist (Elf:3)
  2 dire elephants
  4 deep elf annihilators (Elf:3)
  A spark wasp (Spider:4)
  2 merfolk impalers (Shoals:4)
  A yaktaur captain (Vaults:1)
  2 crystal guardians (Desolation)
  3 ragged hierophants (Desolation)
  2 great orbs of eyes
  An entropy weaver (Spider:4)
  6 vault guards (Vaults:1)
  3 ogre magi (Orc:2)
  A peacekeeper (Desolation)
  A servant of whispers (Desolation)
  A jorogumo (Spider:4)
  A catoblepas (Shoals:3)
  2 boulder beetles
  An ironbound frostheart (Vaults:1)
  4 two-headed ogres (Orc:2)
  A dancing weapon (Elf:3)
  3 centaur warriors
  3 death yaks
  A death scarab (Spider:3)
  3 deep elf knights (Elf:2)
  A skeletal warrior (D:13)
  3 pharaoh ants
  A sun moth (Spider:4)
  An orb spider (Spider:4)
  13 deep trolls
  2 wizards
  2 ironbound convokers
  3 steelbarb worms (Spider:4)
  A sea snake (Shoals:4)
  2 deep elf pyromancers
  A lindwurm (Lair:5)
  An orc knight (Orc:1)
  2 wolf spiders
  3 ugly things
  3 manticores
  An elephant (Lair:5)
  2 vault sentinels (Vaults:1)
  7 demonic crawlers
  A black mamba (Lair:4)
  2 gargoyles
  A guardian serpent (Desolation)
  A water nymph (Shoals:4)
  5 yaktaurs
  6 merfolk
  2 trolls
  8 saltlings (Desolation)
  10 tarantellas
  5 snapping turtles
  5 slime creatures
  2 centaur simulacra (D:14)
  A culicivora (Spider:1)
  6 jumping spiders
  2 water elementals (Shoals:4)
  4 wraiths
  2 yaks (D:12)
  2 basilisks
  3 vampire mosquitoes
  11 redbacks
  An acid dragon (D:14)
  4 orc warriors
  2 ogres (Orc:2)
  An orc priest (D:11)
  2 jellies (Lair:5)
  4 orc wizards
  4 orcs
  A goblin (D:12)
  11 foxfires
234 creatures vanquished.

Vanquished Creatures (others)
  A two-headed ogre (Volcano)
  A deep elf zephyrmancer (Elf:1)
  A saltling (Desolation)
  6 ball lightnings
  37 demonic plants (Gauntlet)
  955 foxfires
  12 fungi
  113 plants
1126 creatures vanquished.

Grand Total: 2572 creatures vanquished

Notes
Turn   | Place    | Note
-------+----------+-------------------------------------------
     0 | D:1      | browni3141 the Djinni Fire Elementalist began the quest for
                  | the Orb.
     0 | D:1      | browni3141 set off with the following spells memorised:
                  | Foxfire, Scorch, Kindle Blastsparks, Inner Flame, Flame
                  | Wave.
     0 | D:1      | Reached XP level 1. HP: 15/15 MP: 0/0
   127 | D:1      | Reached skill level 1 in Fighting
   182 | D:1      | Reached XP level 2. HP: 21/22 MP: 0/0
   569 | D:1      | Reached XP level 3. HP: 22/28 MP: 0/0
   569 | D:1      | Learned a level 1 spell: Kiss of Death
  1243 | D:2      | Reached skill level 1 in Shields
  1396 | D:2      | Reached XP level 4. HP: 32/33 MP: 0/0
  1483 | D:2      | Reached skill level 3 in Spellcasting
  2361 | D:3      | Reached XP level 5. HP: 37/38 MP: 0/0
  2361 | D:3      | Learned a level 2 spell: Static Discharge
  2400 | D:3      | Reached skill level 1 in Armour
  2653 | D:3      | Found a faded altar of an unknown god.
  2849 | D:4      | Noticed a black bear
  2861 | D:4      | Killed a black bear
  2862 | D:4      | Reached skill level 4 in Spellcasting
  2862 | D:4      | Reached XP level 6. HP: 28/43 MP: 0/0
  3007 | D:4      | Noticed a black bear
  3012 | D:4      | Killed a black bear
  3013 | D:4      | Reached XP level 7. HP: 16/47 MP: 0/0
  3013 | D:4      | Learned a level 2 spell: Blink
  3289 | D:4      | Found a shimmering altar of Xom.
  3903 | D:4      | Reached XP level 8. HP: 47/56 MP: 0/0
  4162 | D:4      | Noticed Ijyb
  4173 | D:4      | Killed Ijyb
  4245 | D:5      | Entered Level 5 of the Dungeon
  4294 | D:5      | Reached skill level 5 in Spellcasting
  4650 | D:5      | Found Vaomof's Antique Weapon Emporium.
  5264 | D:5      | Identified a scroll of acquirement
  5302 | D:5      | Acquired a +0 double sword of electrocution
  5319 | D:6      | Reached skill level 1 in Long Blades
  5319 | D:6      | Reached XP level 9. HP: 62/62 MP: 0/0
  5319 | D:6      | Learned a level 4 spell: Airstrike
  5392 | D:6      | Identified the +1 plate armour of Subjectivity {rF+}
  5640 | D:6      | Found a shadowy altar of Dithmenos.
  6006 | D:7      | Reached skill level 6 in Spellcasting
  6058 | D:7      | Found Uletwam's Overcharged Wands.
  6089 | D:7      | Found a broken altar of Ashenzari.
  6245 | D:7      | Reached XP level 10. HP: 67/67 MP: 0/0
  6248 | D:7      | Found a staircase to the Ecumenical Temple.
  6262 | Temple   | Entered the Ecumenical Temple
  6570 | D:8      | Found a burning altar of Makhleb.
  6598 | D:8      | Became a worshipper of Makhleb the Destroyer
  6670 | D:8      | Reached skill level 7 in Spellcasting
  7604 | D:9      | Reached skill level 8 in Spellcasting
  7664 | D:9      | Reached skill level 5 in Long Blades
  7882 | D:9      | Noticed Psyche
  7898 | D:9      | Killed Psyche
  7898 | D:9      | Reached * piety under Makhleb
  8241 | D:10     | Entered Level 10 of the Dungeon
  8422 | D:10     | Noticed a kobold demonologist
  8425 | D:10     | Noticed a kobold demonologist
  8432 | D:10     | Killed a kobold demonologist
  8433 | D:10     | Reached XP level 11. HP: 74/74 MP: 0/0
  8433 | D:10     | Learned a level 5 spell: Silence
  8549 | D:10     | Reached skill level 5 in Fighting
  8549 | D:10     | Reached skill level 5 in Armour
  8549 | D:10     | Reached skill level 5 in Shields
  8616 | D:10     | Noticed a two-headed ogre
  8620 | D:10     | Killed a two-headed ogre
  8724 | D:10     | Noticed Maggie
  8729 | D:10     | Found a staircase to the Lair.
  8737 | D:10     | Killed Maggie
  8852 | D:10     | Found a hazy altar of Hepliaklqana.
  9244 | D:10     | Noticed Harold
  9410 | Lair:1   | Entered Level 1 of the Lair of Beasts
  9421 | Lair:1   | Found a gate leading to a gauntlet.
  9425 | Gauntlet | Entered a Gauntlet
  9425 | Gauntlet | Found a transporter.
  9433 | Gauntlet | Found a transporter.
  9435 | Gauntlet | Found a transporter.
  9437 | Gauntlet | Noticed a sixfirhy
  9437 | Gauntlet | Found a transporter.
  9457 | Gauntlet | Noticed a necromancer
  9458 | Gauntlet | Found a transporter.
  9473 | Gauntlet | Found a transporter.
  9479 | Gauntlet | Found a transporter.
  9494 | Gauntlet | Found a transporter.
  9513 | Gauntlet | Found a transporter.
  9521 | Gauntlet | Noticed a hell hog
  9525 | Gauntlet | Found a transporter.
  9537 | Gauntlet | Found a transporter.
  9552 | Gauntlet | Found a transporter.
  9552 | Gauntlet | Noticed a spectral catoblepas
  9554 | Gauntlet | Noticed a death scarab
  9555 | Gauntlet | Noticed a death scarab
  9559 | Gauntlet | Noticed a purple ugly thing
  9560 | Gauntlet | Noticed a purple ugly thing
  9561 | Gauntlet | Found a transporter.
  9561 | Gauntlet | Noticed a great orb of eyes
  9584 | Gauntlet | Found a transporter.
  9601 | Gauntlet | Found a transporter.
  9603 | Gauntlet | Found a transporter.
  9638 | Gauntlet | Killed a sixfirhy
  9639 | Gauntlet | Found a transporter.
  9730 | Gauntlet | Identified the ring "Fimasob" {Drain Will+ Int+8 Dex+4}
  9746 | Gauntlet | Identified the ring of Daullaj {Wiz rC- Dex+5 Slay+2}
  9746 | Gauntlet | Noticed a minotaur
  9758 | Gauntlet | Killed a minotaur
  9758 | Gauntlet | Reached ** piety under Makhleb
  9820 | Lair:1   | Reached XP level 12. HP: 48/85 MP: 0/0
  9840 | Lair:1   | Found a dark tunnel.
  9849 | Volcano  | Entered a volcano
  9992 | Volcano  | Noticed a two-headed ogre
  9992 | Volcano  | Noticed a two-headed ogre
 10061 | Volcano  | Killed a two-headed ogre
 10067 | Volcano  | Killed a two-headed ogre
 10103 | Volcano  | Noticed a two-headed ogre
 10103 | Volcano  | Noticed a two-headed ogre
 10115 | Volcano  | Reached skill level 9 in Spellcasting
 10126 | Volcano  | Killed a two-headed ogre
 10133 | Volcano  | Killed a two-headed ogre
 10375 | Lair:1   | Reached skill level 10 in Spellcasting
 10946 | Lair:2   | Reached XP level 13. HP: 76/93 MP: 0/0
 10946 | Lair:2   | Learned a level 5 spell: Summon Mana Viper
 10946 | Lair:2   | Reached *** piety under Makhleb
 11165 | Lair:2   | Found a hole to the Spider Nest.
 11889 | Lair:3   | Found a broken altar of Ashenzari.
 11946 | Lair:3   | Found a staircase to the Shoals.
 12174 | Lair:3   | Reached skill level 11 in Spellcasting
 12175 | Lair:3   | Reached **** piety under Makhleb
 13059 | Lair:4   | Reached skill level 12 in Spellcasting
 13282 | Lair:4   | Reached XP level 14. HP: 101/101 MP: 0/0
 13677 | Lair:5   | Entered Level 5 of the Lair of Beasts
 13990 | Lair:5   | Reached skill level 10 in Long Blades
 14307 | Lair:5   | Found a staircase to the Slime Pits.
 14437 | Lair:5   | Noticed a quicksilver ooze
 14495 | Lair:5   | Reached ***** piety under Makhleb
 14941 | Lair:5   | Identified the +0 pair of gloves "Deywodd" {Will- SInv
                  | Stlth+}
 15199 | Lair:5   | Killed a quicksilver ooze
 15379 | D:10     | Killed Harold
 15717 | D:11     | Found a hide-covered altar of Uskayaw.
 15973 | D:11     | Found a portal to a secret trove of treasure.
 16307 | D:12     | Found Gijeu's Magic Scroll Boutique.
 16412 | D:12     | Reached skill level 5 in Dodging
 16497 | D:12     | Found a staircase to the Orcish Mines.
 16612 | D:12     | Reached skill level 1 in Invocations
 16951 | D:12     | Found Jocapla's Weapon Emporium.
 17081 | Orc:1    | Entered Level 1 of the Orcish Mines
 17107 | Orc:1    | Reached XP level 15. HP: 88/107 MP: 0/0
 17107 | Orc:1    | Learned a level 6 spell: Conjure Ball Lightning
 17314 | Orc:1    | Noticed Josephine
 17321 | Orc:1    | Killed Josephine
 17339 | Orc:1    | Reached skill level 10 in Fighting
 17872 | Orc:2    | Entered Level 2 of the Orcish Mines
 17933 | Orc:2    | Found a staircase to the Elven Halls.
 17969 | Orc:2    | Reached ****** piety under Makhleb
 18327 | Orc:2    | Reached skill level 5 in Invocations
 18377 | Orc:2    | Found Noseon's Armour Boutique.
 18377 | Orc:2    | Found Enusch's Armour Emporium.
 18377 | Orc:2    | Found Netowkoi's Armour Shoppe.
 18377 | Orc:2    | Found Betixuib's Weapon Boutique.
 18551 | Orc:2    | Found Exy Zit's Jewellery Shop.
 18804 | D:12     | Bought 2 scrolls of acquirement for 1560 gold pieces
 18804 | D:12     | Bought a scroll of teleportation for 45 gold pieces
 18804 | D:12     | Bought a scroll of identify for 30 gold pieces
 18804 | D:12     | Bought a scroll of identify for 30 gold pieces
 18804 | D:12     | Bought a scroll of summoning for 142 gold pieces
 18806 | D:12     | Acquired a manual of Spellcasting
 18808 | D:12     | Acquired 887 gold pieces
 19283 | D:13     | Found a gate to the Vaults.
 19305 | D:13     | Reached XP level 16. HP: 98/118 MP: 0/0
 19576 | D:14     | Reached skill level 13 in Spellcasting
 20620 | D:14     | Found the +3 Elemental Staff {rElec rF++ rC++ AC+5}
 20733 | D:15     | Entered Level 15 of the Dungeon
 21262 | D:15     | Reached skill level 14 in Spellcasting
 21387 | D:15     | Reached skill level 10 in Invocations
 21459 | D:15     | Found a staircase to the Depths.
 21566 | D:15     | Found Jitah's Firing Range.
 21952 | Orc:2    | Bought a scarf of resistance for 384 gold pieces
 22085 | Spider:1 | Entered Level 1 of the Spider Nest
 22940 | Spider:1 | Reached XP level 17. HP: 108/123 MP: 0/0
 22940 | Spider:1 | Learned a level 7 spell: Dragon Form
 23183 | Spider:2 | Acquired the ring of the Tortoise {AC+8}
 23183 | Spider:2 | Found the ring of the Tortoise {AC+8}
 23199 | Spider:2 | Identified the +9 quarterstaff of Prudence {freeze, rF-
                  | Int+6}
 23846 | Spider:2 | Noticed Arachne
 23853 | Spider:2 | Noticed Nikola
 23860 | Spider:2 | Killed Arachne
 23867 | Spider:2 | Killed Nikola
 24303 | Spider:2 | Reached skill level 15 in Spellcasting
 24478 | Spider:3 | Noticed Louise
 24520 | Spider:3 | Noticed Mlioglotl
 24702 | Spider:3 | Identified the +3 flail of Purpose {flame, rF+ rC- rN+}
 24747 | Spider:3 | Killed Mlioglotl
 24753 | Spider:3 | Killed Louise
 24778 | Spider:3 | Reached skill level 16 in Spellcasting
 25231 | Spider:3 | Noticed Aizul
 25250 | Spider:3 | Killed Aizul
 25378 | Spider:4 | Entered Level 4 of the Spider Nest
 25711 | Spider:4 | Reached XP level 18. HP: 21/129 MP: 0/0
 26415 | Spider:4 | Identified the +1 hat of Solemn Mirth {rN+ Dex+6 Slay-2}
 28287 | Spider:4 | Got a gossamer rune of Zot
 28488 | Shoals:1 | Entered Level 1 of the Shoals
 28975 | Shoals:1 | Noticed Roxanne
 29031 | Shoals:1 | Reached skill level 15 in Long Blades
 29716 | Shoals:1 | Reached skill level 17 in Spellcasting
 29969 | Shoals:1 | Killed Roxanne
 30646 | Shoals:2 | Reached XP level 19. HP: 134/135 MP: 0/0
 30646 | Shoals:2 | Learned a level 7 spell: Summon Hydra
 30809 | Shoals:3 | Found Zeirul's Jewellery Shop.
 30942 | Shoals:3 | Noticed Polyphemus
 30949 | Shoals:3 | Killed Polyphemus
 31448 | Shoals:3 | Noticed Donald
 31456 | Shoals:3 | Killed Donald
 31682 | Shoals:4 | Entered Level 4 of the Shoals
 32059 | Shoals:4 | Found the +5 Lochaber axe {reach-cleave, Poleaxe Drain}
 32575 | Shoals:4 | Got a barnacled rune of Zot
 33184 | Elf:1    | Entered Level 1 of the Elven Halls
 33942 | Elf:1    | Reached XP level 20. HP: 127/144 MP: 0/0
 34289 | Elf:2    | Found Jaewadigo's General Store.
 34303 | Elf:2    | Paralysed by an air elemental for 1 turns
 34447 | Elf:2    | Reached skill level 10 in Dodging
 34534 | Elf:2    | Found a runed translucent gate.
 34535 | Elf:2    | Found a runed translucent gate.
 34536 | Elf:2    | Found a runed translucent gate.
 35040 | Elf:2    | Reached skill level 10 in Armour
 35040 | Elf:2    | Reached skill level 10 in Shields
 35274 | Elf:3    | Entered Level 3 of the Elven Halls
 35738 | Elf:3    | Found Wonkamm's Armour Emporium.
 35751 | Elf:3    | Reached XP level 21. HP: 153/153 MP: 0/0
 35751 | Elf:3    | Learned a level 8 spell: Discord
 36359 | Elf:3    | Identified the +7 quarterstaff "Gukagrupn" {heavy, rElec
                  | Str+3 SInv Stlth+}
 36364 | Elf:3    | Identified the +1 chain mail "Joech" {Str+4 Stlth+}
 36375 | Elf:3    | Reached skill level 15 in Fighting
 37138 | Vaults:1 | Entered Level 1 of the Vaults
 37949 | Vaults:1 | Reached XP level 22. HP: 90/164 MP: 0/0
 38865 | Vaults:2 | Noticed Jory
 38928 | Vaults:2 | Noticed Xtahua
 38936 | Vaults:2 | Killed Xtahua
 38983 | Vaults:2 | Found a crumbling gateway.
 39014 | Desolati | Entered the Desolation of Salt
 39282 | Desolati | Identified the +4 mace of Cer Kab {antimagic, rCorr SInv}
 39440 | Desolati | Identified the +5 falchion of Paper {protect, Fragile rN+
                  | Str+2 Int+2}
 39752 | Desolati | Identified the ring of Moral Flaws {rN+++ Str+6 Int+4
                  | Stlth-}
 39886 | Vaults:2 | Found a staircase to the Crypt.
 40318 | Vaults:2 | Killed from afar by an ironbound thunderhulk

Illustrated notes

Levels and vault maps discovered:
D:1:      roderic_octagonal_star, layout_basic, chequers_serial_rivers_small_3
D:2:      layout_basic
D:3:      layout_rooms, chequers_ecumenical_altar_lobes
D:4:      layout_basic, led_xom_imps, uniq_ijyb
D:5:      layout_cave_pods, nicolae_stop_n_shop_1
D:6:      layout_cave_pools, lemuel_doored_altar
D:7:      layout_rooms, general_overflow_altar, minmay_temple_entry_offerings,
          kb_lookout_dungeons_type, nicolae_shop_overcharged_wands
D:8:      layout_basic, mainiacjoe_overflow_alcove_1
D:9:      layout_loops_cross, fiery_altar_vehumet, uniq_psyche
D:10:     layout_basic, mainiacjoe_overflow_cross_hatched,
          hellmonk_lair_entry_icy, nicolae_zen_rock_garden,
          nicolae_elevator_lobby_asterisk, uniq_harold, uniq_maggie
D:11:     layout_gridville, serial_rivers, chequers_serial_rivers_micro_c,
          chequers_serial_rivers_micro_c, chequers_serial_rivers_micro_c,
          chequers_serial_rivers_small_3, nicolae_trove_entry_columns,
          eat_drink_and_be_merry_uskayaw
D:12:     layout_loops_ring, erik_orc_4, serial_shops, kennysheep_little_box,
          shop_statue
D:13:     layout_rooms, erik_vaults_2
D:14:     minmay_isolated_rectangles_in_corner, layout_basic,
          minmay_misc_feat_plants
D:15:     hangedman_depths_entry_civil_slaughter, layout_rooms, grunt_decor_cap,
          nicolae_shop_firing_range
Temple:   nicolae_temple_bog_church
Lair:1:   layout_roguey, gauntlet_entry_generic, enter_volcano_1
Lair:2:   layout_gridlike, nicolae_spider_entry_lesser_pyramids,
          minmay_stone_trees_medium, cheibrodos_lair_caveside_slide
Lair:3:   layout_misc_corridors, minmay_shoals_entry_lonely_mermaid,
          lemuel_oklob_altar, lemuel_fruit_tree
Lair:4:   layout_roguey, cheibrodos_lair_lostbears, infiniplex_staircase_pool
Lair:5:   grunt_lair_end_beastmaster, layout_concentric_octagons,
          dpeg_slime_entry_corner, chequers_serial_rivers_micro_c,
          nicolae_lair_time_for_slime
Shoals:1: layout_shoals, hangedman_shoals_cup_caves, uniq_roxanne
Shoals:2: layout_shoals
Shoals:3: layout_shoals, serial_shops, shop_statue, nicolae_shoals_loop_pool,
          uniq_donald, uniq_polyphemus
Shoals:4: shoals_end_grunt_ice, layout_shoals
Spider:1: layout_spider_delve
Spider:2: layout_spider_delve, uniq_nikola, uniq_arachne
Spider:3: layout_spider_delve, worms_lemuel, uniq_aizul, uniq_louise,
          uniq_mlioglotl
Spider:4: johnstein_spider_rune_arachne_lair, nicolae_spider_circle_web,
          nicolae_crawler_farm
Orc:1:    layout_caves, nicolae_orc_lava_tube, uniq_josephine
Orc:2:    st_orc_ogre_mass, layout_diamond_mine, minmay_shop_enchanted_jewellery
Elf:1:    elf_arrival_001, layout_geoelf_octagon, hangedman_elf_disciples,
          grunt_megastairs_5
Elf:2:    elven_hall_of_blades_hangedman_original [nicolae_blade_bullseye],
          layout_loops_corners, serial_shops, nicolae_diamond_shop
Elf:3:    minmay_elf_hall_hex, layout_onion_city, serial_shops, shop
Vaults:1: v_misc_31, ontoclasm_vaults_hangar, hangedman_vaults_pinch,
          vaults_mumra_minichess_inversion, nicolae_vaults_meeting,
          vaults_dpeg_emergency_exit, nicolae_vaults_network_quinsquares
          [nicolae_vaults_network_quincunx_subvault,
          nicolae_vaults_network_quincunx_subvault,
          nicolae_vaults_network_quincunx_subvault,
          nicolae_vaults_network_quincunx_subvault],
          nicolae_vaults_little_squares_4, v_misc_18, nicolae_vaults_alarming,
          vaults_room_hallway, layout_vaults_omnicross
Vaults:2: portal_desolation_entry_garden, vaults_room_door_hall,
          nicolae_vaults_what_the_h, hangedman_vaults_nodes,
          vaults_room_stairs_pillars, minmay_crypt_entry_simple_round, v_misc_1,
          v_misc_1, vaults_room_door_hall, ontoclasm_vaults_loading_screen,
          nicolae_vaults_diagonal_hallway_9, vaults_room_hangedman_quadrants,
          grunt_vaults_focal, layout_vaults_omnigrid, uniq_margery, uniq_jory,
          uniq_mennas, uniq_xtahua

Skill      XL: |  1  2  3  4  5  6  7  8  9 10 11 12 13 14 15 16 17 18 19 20 21 22 |
---------------+-------------------------------------------------------------------+-----
Fighting       | 1 2 3 4 7 8 9 11 12 13 14 16 | 16.0
Shields        | 1 2 3 4 7 8 10 12 13 | 13.8
Spellcasting   | 3 4 5 6 8 10 12 14 16 17 | 17.5
Armour         | 2 3 4 7 8 10 11 | 11.6
Stealth        | 3 4 |  4.0
Dodging        | 3 4 5 7 9 11 13 14 | 14.1
Long Blades    | 1 4 7 8 9 12 13 15 16 | 16.0
Invocations    | 2 7 11 12 | 12.0

Action                     |  1- 3 |  4- 6 |  7- 9 | 10-12 | 13-15 | 16-18 | 19-21 | 22-24 || total
---------------------------+-------+-------+-------+-------+-------+-------+-------+-------++-------
  Melee: Unarmed           |     2 |       |       |       |       |       |       |       ||     2
         Dagger            |    26 |    29 |    25 |       |       |       |       |       ||    80
         Punch             |     1 |       |       |       |       |       |       |       ||     1
         Double sword      |       |       |     7 |   113 |   433 |   478 |   212 |   225 ||  1468
         Scimitar          |       |       |       |       |    34 |       |       |       ||    34
         Staff             |       |       |       |       |       |       |    33 |     3 ||    36
   Cast: Foxfire           |    51 |    77 |   197 |   132 |   102 |    11 |     3 |       ||   573
         Kindle Blastspark |       |     2 |     1 |     6 |     3 |     3 |       |       ||    15
         Static Discharge  |       |     3 |    10 |    14 |     3 |       |       |       ||    30
         Kiss of Death     |       |     1 |       |       |       |     1 |       |       ||     2
         Scorch            |       |       |    22 |    26 |    37 |    20 |     8 |     5 ||   118
         Blink             |       |       |     2 |     4 |     7 |    20 |     3 |     3 ||    39
         Flame Wave        |       |       |     1 |     8 |     5 |     2 |    14 |       ||    30
         Airstrike         |       |       |       |    56 |   112 |   548 |   650 |   141 ||  1507
         Inner Flame       |       |       |       |    12 |    35 |    23 |    12 |     1 ||    83
         Summon Mana Viper |       |       |       |       |    39 |   100 |    25 |    18 ||   182
         Silence           |       |       |       |       |     1 |     4 |     1 |       ||     6
         Conjure Ball Ligh |       |       |       |       |     1 |     1 |       |       ||     2
         Dragon Form       |       |       |       |       |       |     1 |       |       ||     1
         Summon Hydra      |       |       |       |       |       |       |    53 |    33 ||    86
 Invoke: Minor Destruction |       |       |       |       |       |     1 |       |       ||     1
         Lesser Servant of |       |       |       |       |       |     2 |       |       ||     2
  Evoke: Condenser vane    |       |       |       |     1 |       |     3 |     1 |     1 ||     6
         Wand              |       |       |       |     5 |    12 |     3 |       |       ||    20
         Phial of floods   |       |       |       |       |       |       |     2 |       ||     2
    Use: Scroll            |       |       |    11 |    11 |    12 |    10 |     7 |     1 ||    52
         Potion            |       |       |       |     3 |     2 |    18 |     2 |       ||    25
   Stab: Sleeping          |     1 |     1 |       |     1 |       |     3 |     3 |     2 ||    11
         Paralysed         |       |       |       |     5 |       |       |       |       ||     5
         Distracted        |       |       |       |     1 |     3 |    11 |     4 |     9 ||    28
         Petrified         |       |       |       |       |     7 |       |       |       ||     7
         Confused          |       |       |       |       |       |     5 |       |       ||     5
 Armour: Robe              |     6 |     5 |     3 |       |       |       |       |       ||    14
         Steam dragon scal |       |       |     9 |    82 |   128 |   267 |    87 |    12 ||   585
         Fire dragon scale |       |       |       |       |       |       |       |    13 ||    13
  Dodge: Dodged            |    11 |    24 |    44 |   113 |   243 |   494 |   208 |   112 ||  1249
         Repelled          |       |       |       |       |       |     3 |     7 |     3 ||    13
  Block: Buckler           |     3 |     7 |    16 |     3 |       |       |       |       ||    29
         Kite shield       |       |       |       |   104 |   302 |   474 |       |       ||   880
         Tower shield      |       |       |       |       |       |     5 |   413 |   248 ||   666

Table legend: (Time is in decaauts)
 A = Elapsed time spent in this place.
 B = Non-inter-level travel time spent in this place.
 C = Inter-level travel time spent in this place.
 D = Time resting spent in this place.
 E = Time spent auto-exploring this place.
 F = Levels seen in this place.
 G = Mean time per level.
                   A        B        C        D        E       F      G
               +--------+--------+--------+--------+--------+-----+--------+
         Total |  40466 |  37477 |   2989 |   3846 |  24046 |  39 | 1037.6 |
       Dungeon |  14331 |  13350 |    981 |    622 |   9880 |  15 |  955.4 |
        Temple |    151 |    127 |     24 |      0 |    113 |   1 |  151.0 |
          Lair |   5478 |   4849 |    629 |    240 |   3479 |   5 | 1095.6 |
        Shoals |   4189 |   3990 |    199 |    234 |   2850 |   4 | 1047.2 |
   Spider Nest |   6576 |   5847 |    729 |   2068 |   2295 |   4 | 1644.0 |
  Orcish Mines |   1842 |   1648 |    194 |     22 |   1202 |   2 |  921.0 |
   Elven Halls |   3892 |   3671 |    221 |    262 |   2421 |   3 | 1297.3 |
        Vaults |   2333 |   2324 |      9 |    205 |   1319 |   2 | 1166.5 |
       Volcano |    471 |    471 |      0 |     64 |    140 |   1 |  471.0 |
    Desolation |    824 |    824 |      0 |    102 |    347 |   1 |  824.0 |
      Gauntlet |    374 |    374 |      0 |     26 |      0 |   1 |  374.0 |
               +--------+--------+--------+--------+--------+-----+--------+

Top non-repeatable levels by time:
Spider:4: 2942 daAuts
   Elf:3: 1741 daAuts
Spider:1: 1678 daAuts
Vaults:1: 1560 daAuts
     D:4: 1493 daAuts
  Lair:5: 1489 daAuts
    D:14: 1477 daAuts
    D:10: 1353 daAuts
Shoals:4: 1295 daAuts
Shoals:1: 1245 daAuts
   Elf:2: 1191 daAuts
  Lair:3: 1187 daAuts
     D:1: 1179 daAuts
  Lair:4: 1077 daAuts
     D:5: 1060 daAuts
